 Dungeon Crawl Stone Soup version 0.30-a0-691-g754fce4c43 (webtiles) character file.

Game seed: 13698692960687304084

1700 drugrobin the Martial Artist (level 8, -1/56 (62) HPs)
             Began as a Demigod Delver on Jan 20, 2023.
             Slain by a wight
             ... wielding a +0 mace
              (5 damage)
             ... on level 6 of the Dungeon.
             The game lasted 00:15:38 (6530 turns).

drugrobin the Martial Artist (Demigod Delver)       Turns: 6530, Time: 00:15:38

HP:   -1/56 (62)    AC:  6    Str: 17    XL:     8   Next: 44%
MP:   10/10         EV: 11    Int: 12    God:
Gold: 385           SH:  0    Dex: 19    Spells: 6/7 levels left

rFire   + . .      SeeInvis .      - Unarmed
rCold   . . .      Faith    .    (no shield)
rNeg    . . .      Spirit   .    r - +0 ring mail
rPois   .          Reflect  .    l - +0 helmet
rElec   .          Harm     .    (no cloak)
rCorr   .          Rampage  .    (no gloves)
Will    .....                    (no boots)
Stlth   ++                       h - amulet of the acrobat
HPRegen 0.29/turn                p - ring of protection from fire
MPRegen 0.12/turn                y - ring of flight

@: flying, drained
A: high MP 1, forlorn, divine attributes
a: no special abilities


You were on level 6 of the Dungeon.
You visited 1 branch of the dungeon, and saw 7 of its levels.

You collected 385 gold pieces.

Inventory:

Hand Weapons
 b - a +0 sling
 u - a +0 long sword
Missiles
 D - a poisoned dart
Armour
 a - a +0 leather armour
 l - a +0 helmet (worn)
 r - a +0 ring mail (worn)
Jewellery
 h - an amulet of the acrobat (around neck)
 p - a ring of protection from fire (left hand)
 y - a ring of flight (right hand)
 B - an amulet of magic regeneration
Wands
 f - a wand of digging (3)
 g - a wand of acid (1)
 i - a wand of flame (4)
 I - a wand of iceblast (10)
Scrolls
 c - a scroll of magic mapping
 d - 2 scrolls of fear
 m - 2 scrolls of torment {unknown}
 n - a scroll of poison
 o - 2 scrolls of immolation
 s - a scroll of brand weapon
 t - a scroll of blinking
 v - a scroll of vulnerability
 C - a scroll of teleportation
 E - 4 scrolls of fog
 G - a scroll of silence
 H - 2 scrolls of enchant armour {unknown}
Potions
 e - a potion of haste
 j - a potion of flight {unknown}
 k - 3 potions of heal wounds {unknown}
 q - a potion of attraction {unknown}
 w - 2 potions of berserk rage
 x - 2 potions of cancellation
 z - 2 potions of lignification {unknown}
 A - a potion of degeneration {unknown}
 F - 2 potions of curing {unknown}


   Skills:
 - Level 2.6 Fighting
 - Level 1.7 Dodging
 - Level 4.5 Stealth
 + Level 10.4 Unarmed Combat


You had 6 spell levels left.
You knew the following spells:

 Your Spells              Type           Power      Damage    Failure   Level
a - Summon Small Mammal   Summ           0%         N/A       52%         1

Your spell library contained the following spells:

 Spells                   Type           Power      Damage    Failure   Level
 Apportation              Tloc           0%         N/A       52%         1
 Necrotise                Necr           0%         1d4       52%         1
 Vampiric Draining        Necr           0%         2d6       88%         3
 Petrify                  Tmut/Erth      0%         N/A       99%         4
 Agony                    Necr           0%         N/A       100%        5
 Metabolic Englaciation   Hex/Ice        0%         N/A       100%        5
 Statue Form              Tmut/Erth      0%         N/A       100%        6


Dungeon Overview and Level Annotations

Branches:
Dungeon (7/15)             Temple (0/1) D:5

Annotations:
D:2 Jessica
D:3 3 runed translucent doors, bjtr's ghost, amateur OpEE
D:6 Menkaure


Innate Abilities, Weirdness & Mutations

You have an increased reservoir of magic. (+10% MP)
You shall have no god before yourself.
Your divine heritage dramatically boosts your attributes as you level up.


Message History

The wight is severely damaged.
The wight hits you with a +0 mace. The wight barely misses you.
Unknown command.
Unknown command.
You punch the wight!
You destroy the wight!
The wight hits you with a +0 mace!
You feel drained.
* * * LOW HITPOINT WARNING * * *
Unknown command.
Unknown command.
Unknown command.
You closely miss the wight. The wight hits you with a +0 mace.
* * * LOW HITPOINT WARNING * * *
You feel drained.
Unknown command.
Unknown command.
Unknown command.
Unknown command.
You punch the wight!
The wight is severely damaged.
Unknown command.
Unknown command.
You hit the wight but do no damage.
The wight is severely damaged.
The wight hits you with a +0 mace!
* * * LOW HITPOINT WARNING * * *
You feel drained.
* * * LOW HITPOINT WARNING * * *
Unknown command.
Unknown command.
Unknown command.
Unknown command.
Unknown command.
Unknown command.
Unknown command.
Unknown command.
You closely miss the wight.
The wight is severely damaged.
The wight hits you with a +0 mace.
You die...

#............≈°○§§..##.##
############§≈≈≈≈≈.####.##
#.≈≈§§≈..####.# ##
#.........# #.# .#
#.###.###.###.# .# #.#
##.##.##.## .###### #.#
####.#.## ......#
#)####(.#..## ..###.#
#@#.....#.## ..#
#.##########z#..._.#.# ..#
#..................#.# #.#
#######.######.##..### #.#
#.# #.##### #.# #.# #.#.#
#.# #.# #.#.# #.# #.#
#)#.# #.# #.######.#.#


You could see a wight.

Vanquished Creatures
  3 ice beasts
  5 ogres
  11 wights (D:6)
  2 hounds
  3 jellies
  2 iguanas
  9 adders
  4 gnolls
  A shadow imp (D:6)
  A white imp (D:6)
  2 ufetubi
  2 worms (D:2)
  2 dart slugs (D:3)
  8 orcs
  8 ball pythons
  8 endoplasms
  5 giant cockroaches
  4 goblins
  6 hobgoblins
  2 jackals (D:3)
  4 kobolds
  4 quokkas
  7 bats
  4 frilled lizards
  7 rats
  A spectral orc (D:3)
115 creatures vanquished.

Notes
Turn   | Place    | Note
-------+----------+-------------------------------------------
     0 | D:5      | drugrobin the Demigod Delver began the quest for the Orb.
     0 | D:5      | Reached XP level 1. HP: 18/18 MP: 3/3
    17 | D:5      | Reached skill level 2 in Unarmed Combat
    99 | D:5      | Noticed a hound
    99 | D:5      | Noticed an ice beast
   126 | D:5      | Noticed an iguana
   127 | D:5      | Found a staircase to the Ecumenical Temple.
   127 | D:5      | Noticed an iguana
   138 | D:5      | Noticed an iguana
   288 | D:4      | Noticed an ogre
   301 | D:4      | Reached XP level 2. HP: 16/25 MP: 4/4
   363 | D:2      | Noticed Jessica
   406 | D:2      | Reached skill level 3 in Unarmed Combat
   689 | D:1      | Reached XP level 3. HP: 26/30 MP: 5/5
  1803 | D:2      | Reached skill level 4 in Unarmed Combat
  1836 | D:2      | Reached XP level 4. HP: 32/37 MP: 6/6
  2497 | D:3      | Noticed an ogre
  2624 | D:3      | Found a runed translucent gate.
  2624 | D:3      | Found a runed translucent gate.
  2624 | D:3      | Found a runed translucent gate.
  2628 | D:3      | Noticed bjtr's ghost (amateur OpEE)
  2826 | D:3      | Killed an ogre
  2827 | D:3      | Reached skill level 5 in Unarmed Combat
  2827 | D:3      | Reached XP level 5. HP: 42/42 MP: 7/7
  3394 | D:4      | Killed an ogre
  3395 | D:4      | Reached skill level 6 in Unarmed Combat
  3615 | D:4      | Reached XP level 6. HP: 46/50 MP: 8/8
  4657 | D:5      | Reached skill level 7 in Unarmed Combat
  4992 | D:6      | Reached XP level 7. HP: 48/56 MP: 9/9
  5155 | D:6      | Reached skill level 8 in Unarmed Combat
  5464 | D:6      | Reached skill level 9 in Unarmed Combat
  5665 | D:6      | Reached XP level 8. HP: 56/62 MP: 10/10
  5881 | D:6      | Learned a level 1 spell: Summon Small Mammal
  6112 | D:6      | Reached skill level 10 in Unarmed Combat
  6501 | D:6      | Noticed Menkaure
  6530 | D:6      | Slain by a wight

Illustrated notes

Levels and vault maps discovered:
D:1:      heliophobic_arrival_enchanted_forest, layout_basic,
          shapermc_ecumenical_altar_ellora, columned_hall_lemuel
D:2:      minmay_wonky_spiral, layout_loops_ring, uniq_jessica
D:3:      layout_basic, yredelemnul_forgotten_temple_becter,
          okawaru_ov_weapons_minmay, gammafunk_ghost_split
D:4:      layout_loops_cross, grunt_dithmenos_smoke_and_mirrors,
          lightli_temple_of_fire
D:5:      layout_basic, worldfamousw_hep_ancestral_shrine, lemuel_doored_altar,
          mainiacjoe_overflow_tiny_flanked, minmay_temple_entry_from_below_a
D:6:      layout_loops_ring, mainiacjoe_overflow_alcove_1,
          nicolae_sif_muna_condensation, mainiacjoe_overflow_small_starburst,
          nicolae_titane, uniq_menkaure
D:7:      layout_cave_pools, biasface_ghost_orc_armoury,
          kennysheep_generic_room_14

Skill      XL: |  1  2  3  4  5  6  7  8 |
---------------+-------------------------+-----
Unarmed Combat | 2 3 4 5 6 7 9 10 | 10.4
Fighting       | |  2.6
Dodging        | |  1.7
Stealth        | |  4.5

Action                   |  1- 3 |  4- 6 |  7- 9 || total
-------------------------+-------+-------+-------++-------
Melee: Unarmed           |   202 |   168 |   102 ||   472
       Punch             |     7 |     7 |     6 ||    20
 Fire: Sling             |       |     7 |    30 ||    37
Throw: Dart              |       |     6 |     2 ||     8
Evoke: Wand              |     3 |    11 |     7 ||    21
  Use: Scroll            |       |     8 |     1 ||     9
 Stab: Sleeping          |    13 |     6 |     1 ||    20
       Distracted        |     1 |     1 |       ||     2
Armor: Leather armour    |    19 |       |       ||    19
       Ring mail         |    28 |    38 |     8 ||    74
Dodge: Dodged            |   118 |    85 |    32 ||   235

Table legend: (Time is in decaauts)
 A = Elapsed time spent in this place.
 B = Non-inter-level travel time spent in this place.
 C = Inter-level travel time spent in this place.
 D = Time resting spent in this place.
 E = Time spent auto-exploring this place.
 F = Levels seen in this place.
 G = Mean time per level.
                   A        B        C        D        E       F      G
               +--------+--------+--------+--------+--------+-----+--------+
         Total |   6487 |   6282 |    205 |    639 |   3954 |   7 |  926.7 |
       Dungeon |   6487 |   6282 |    205 |    639 |   3954 |   7 |  926.7 |
               +--------+--------+--------+--------+--------+-----+--------+

Top non-repeatable levels by time:
     D:6: 1678 daAuts
     D:2: 1104 daAuts
     D:1: 970 daAuts
     D:5: 936 daAuts
     D:4: 926 daAuts
     D:3: 865 daAuts
     D:7: 5 daAuts
